 Dungeon Sprint DCSS version 0.22.1-1-ga44c0e56f4 (webtiles) character file.

2062 MuseOD the Spear-Bearer (level 9, -8/74 (81) HPs)
             Began as a Merfolk Berserker on Oct 7, 2018.
             Was a High Priest of Trog.
             Killed from afar by a death drake (15 damage)
             ... with a foul vapour
             ... in the Dungeon (Sprint II: "The Violet Keep of Menkaure").
             The game lasted 00:02:11 (455 turns).

MuseOD the Spear-Bearer (Merfolk Berserker)          Turns: 455, Time: 00:02:11

HP:   -8/74 (81)    AC:  2    Str: 20    XL:     9   Next: 25%
MP:   9/9           EV: 20    Int:  7    God:    Trog [*****.]
Gold: 1053          SH:  0    Dex: 13    Spells: 8/8 levels left

rFire    . . .     SeeInvis .   a - +0 spear
rCold    . . .     Gourm    .   (no shield)
rNeg     . . .     Faith    .   b - +0 animal skin
rPois    .         Spirit   .   (no helmet)
rElec    .         Reflect  .   (no cloak)
rCorr    .         Harm     .   (no gloves)
MR       .....     NoTele   +   (no boots)
Stlth    +.........             (no amulet)
HPRegen  0.00/turn              (no ring)
MPRegen  0.11/turn              (no ring)

@: lethally poisoned (-8 -> -243), berserk cooldown, non-regenerating, badly
diseased, slowed, very slow
A: change form in water, swift swim, stealthy swim
a: Berserk, Trog's Hand, Brothers in Arms, Renounce Religion


You were in the Dungeon.
You worshipped Trog.
Trog was extremely pleased with you.
You were very hungry.

You visited 1 branch You collected 1053 gold pieces.

Inventory:

Hand Weapons
 a - a +0 spear (weapon)
Armour
 b - a +0 animal skin (worn)
Scrolls
 i - a scroll of blinking
Potions
 d - a potion of curing
 e - a potion of heal wounds
 f - a potion of haste
 g - 2 potions of magic
 h - a potion of berserk rage
Comestibles
 c - a ration
 j - 18 chunks of flesh


   Skills:
 + Level 11.5 Fighting
 + Level 14.5 Polearms
 + Level 8.1 Armour
 + Level 13.2 Dodging


You had 8 spell levels left.
You didn't know any spells.
Your spell library was empty.

Dungeon Overview and Level Annotations

Branches:
Dungeon (1/1)

Altars:
Dithmenos
Elyvilon
Fedhas
Gozag
Kikubaaqudgha
Makhleb
Nemelex Xobeh
Okawaru
Qazlal
Ru
Sif Muna
Trog
Uskayaw
Vehumet
Wu Jian
Xom
Yredelemnul
Zin
The Shining One
Jiyva
Lugonu


Message History

You feel as though you will be slow longer.
* * * LOW HITPOINT WARNING * * *
x2 You feel very sick.
The death drake misses you.
You miss the death drake.
The death drake is almost dead.
You are engulfed in dark miasma.
You are more poisoned.
You feel your flesh rotting away!
You feel ill.
You feel as though you will be slow longer.
* * * LOW HITPOINT WARNING * * *
You are no longer berserk.
You are exhausted.
You feel as though you will be slow longer.
* * * LOW HITPOINT WARNING * * *
You feel very sick. The death drake breathes miasma at you.
The foul vapour engulfs you!
You are more poisoned.
You feel your flesh rotting away!
You die...

.. ##.. #. k .##.####
+.##. #.# ...# ..k####
.####..## #..##.#
###.##..# +..#..#
##...#..# #..#..# $
.÷##.'..####(§##@# ))%
##...#....###..k##▓▓▓▓▓
###.##......≈≈≈÷§§≈≈≈≈≈
#####§≈....§≈#+########
..#≈≈≈≈≈≈§..≈#_._._...#
.##≈§§§≈≈≈§.≈#._._._._#
##≈≈≈§≈≈≈≈≈§≈#_._._._.#
≈≈≈≈≈§≈≈§§§≈#._._._._#
++#≈≈§≈≈≈≈≈§#.._._._.#


You could see a death drake.

Vanquished Creatures
  2 polar bears (D)
  2 hippogriffs (D)
  4 neqoxecs (D)
  4 necrophages (D)
  A crocodile (D)
  4 worker ants (D)
17 creatures vanquished.

Vanquished Creatures (collateral kills)
  A yaktaur (D)
  A hornet (D)
  A polar bear (D)
3 creatures vanquished.

Vanquished Creatures (others)
  A swamp drake (D)
1 creature vanquished.

Grand Total: 21 creatures vanquished

Notes
Turn   | Place    | Note
-------+----------+-------------------------------------------
     0 | D        | MuseOD the Merfolk Berserker began the quest for the Orb.
     0 | D        | Reached XP level 1. HP: 18/18 MP: 1/1
     1 | D        | Noticed a necrophage
     1 | D        | Noticed a necrophage
     1 | D        | Noticed a necrophage
     1 | D        | Noticed a necrophage
    11 | D        | Killed a necrophage
    11 | D        | Reached skill level 5 in Fighting
    11 | D        | Reached skill level 7 in Polearms
    11 | D        | Reached XP level 2. HP: 27/27 MP: 2/2
    11 | D        | Reached XP level 3. HP: 33/33 MP: 3/3
    11 | D        | Reached XP level 4. HP: 39/39 MP: 4/4
    14 | D        | Killed a necrophage
    14 | D        | Reached skill level 8 in Polearms
    14 | D        | Reached XP level 5. HP: 47/47 MP: 5/5
    17 | D        | Killed a necrophage
    17 | D        | Reached ** piety under Trog
    17 | D        | Reached skill level 9 in Polearms
    17 | D        | Reached XP level 6. HP: 55/55 MP: 6/6
    24 | D        | Killed a necrophage
    24 | D        | Reached skill level 10 in Polearms
    24 | D        | Reached skill level 5 in Armour
    89 | D        | Noticed a neqoxec
    89 | D        | Noticed a neqoxec
    89 | D        | Noticed a neqoxec
    89 | D        | Noticed a neqoxec
    94 | D        | Killed a neqoxec
    94 | D        | Reached skill level 11 in Polearms
    94 | D        | Reached XP level 7. HP: 63/63 MP: 7/7
   104 | D        | Killed a neqoxec
   104 | D        | Reached *** piety under Trog
   104 | D        | Reached skill level 10 in Dodging
   109 | D        | Killed a neqoxec
   109 | D        | Reached skill level 12 in Polearms
   127 | D        | Killed a neqoxec
   162 | D        | Noticed a hippogriff
   162 | D        | Noticed a hippogriff
   168 | D        | Killed a hippogriff
   168 | D        | Reached skill level 10 in Fighting
   168 | D        | Reached XP level 8. HP: 72/72 MP: 8/8
   175 | D        | Killed a hippogriff
   175 | D        | Reached **** piety under Trog
   175 | D        | Reached skill level 13 in Polearms
   293 | D        | Found an iron altar of Okawaru.
   293 | D        | Found an opulent altar of Gozag.
   294 | D        | Found a sparkling altar of Nemelex Xobeh.
   294 | D        | Found a blossoming altar of Fedhas.
   295 | D        | Found a radiant altar of Vehumet.
   295 | D        | Found a burning altar of Makhleb.
   295 | D        | Found a white marble altar of Elyvilon.
   296 | D        | Found a hide-covered altar of Uskayaw.
   296 | D        | Found a corrupted altar of Lugonu.
   296 | D        | Found a shadowy altar of Dithmenos.
   297 | D        | Found a glowing silver altar of Zin.
   297 | D        | Found a bloodstained altar of Trog.
   297 | D        | Found an ancient bone altar of Kikubaaqudgha.
   298 | D        | Found a basalt altar of Yredelemnul.
   298 | D        | Found a deep blue altar of Sif Muna.
   298 | D        | Found a viscous altar of Jiyva.
   299 | D        | Found a shimmering altar of Xom.
   299 | D        | Found a sacrificial altar of Ru.
   300 | D        | Found a glowing golden altar of the Shining One.
   300 | D        | Found an ornate altar of the Wu Jian Council.
   315 | D        | Noticed a yaktaur
   315 | D        | Noticed a polar bear
   315 | D        | Noticed a polar bear
   315 | D        | Noticed a hornet
   321 | D        | Killed a polar bear
   325 | D        | Found a stormy altar of Qazlal.
   325 | D        | Noticed a polar bear
   326 | D        | Killed a polar bear
   328 | D        | Killed a hornet
   328 | D        | Reached ***** piety under Trog
   328 | D        | Reached skill level 14 in Polearms
   328 | D        | Reached XP level 9. HP: 81/81 MP: 9/9
   333 | D        | Killed a yaktaur
   343 | D        | Killed a polar bear
   431 | D        | Noticed a death drake
   455 | D        | Killed from afar by a death drake

Skill      XL: |  1  2  3  4  5  6  7  8  9 |
---------------+----------------------------+-----
Fighting       | 5 6 7 8 10 11 | 11.5
Polearms       | 7 8 9 11 12 14 | 14.5
Armour         | 3 4 5 6 7 8 |  8.1
Dodging        | 6 7 8 9 11 12 13 | 13.2

Action                   |  1- 3 |  4- 6 |  7- 9 || total
-------------------------+-------+-------+-------++-------
Melee: Spear             |     9 |    17 |    95 ||   121
Invok: Berserk           |     1 |     1 |     4 ||     6
       Brothers in Arms  |       |       |     1 ||     1
  Eat: Chunk             |       |       |     3 ||     3
Armor: Animal skin       |       |       |     3 ||     3
Dodge: Dodged            |     3 |     1 |    46 ||    50
